 Dungeon Crawl Stone Soup version 0.22.1-2-g9c5b331383 (webtiles) character file.

178 Knicklaso the Skirmisher (level 5, 0/66 HPs)
             Began as a Demonspawn Wizard on Nov 20, 2018.
             Succumbed to a worker ant's poison
             ... on level 4 of the Dungeon.
             The game lasted 00:12:54 (4257 turns).

Knicklaso the Skirmisher (Demonspawn Wizard)        Turns: 4257, Time: 00:12:55

Health: 0/66       AC: 22    Str:  7    XL:     5   Next: 32%
Magic:  2/9        EV:  2    Int: 21    God:
Gold:   53         SH:  0    Dex: 11    Spells: 9/10 levels left

rFire    . . .     SeeInvis .   p - +1 dagger (elec)
rCold    . . .     Gourm    .   (no shield)
rNeg     + + +     Faith    .   (armour currently unavailable)
rPois    +         Spirit   .   (helmet currently unavailable)
rElec    .         Reflect  .   (cloak currently unavailable)
rCorr    .         Harm     .   (gloves currently unavailable)
MR       .....     NoTele   +   (boots currently unavailable)
Stlth    ++........             (no amulet)
HPRegen  0.21/turn              (no ring)
MPRegen  0.11/turn              (no ring)

@: lethally poisoned (0 -> 0), tree-form
A: no striking features
a: no special abilities


You were on level 4 of the Dungeon.
You were completely stuffed.
You were a tree.
You visited 1 branch of the dungeon, and saw 4 of its levels.

You collected 53 gold pieces.

Inventory:

Hand Weapons
 d - a +0 hunting sling
 e - a +0 blowgun
 f - a +0 dagger
 k - a +0 quarterstaff
 p - a +1 dagger of electrocution (weapon)
Missiles
 c - 66 stones (quivered)
 i - 36 sling bullets
 j - 43 poisoned needles
Armour
 a - a +0 robe (melded)
 b - a +0 hat (melded)
Scrolls
 n - a scroll of remove curse


   Skills:
 + Level 5.1 Fighting
 - Level 1.7 Dodging
 - Level 1.7 Stealth
 - Level 3.0 Spellcasting
 - Level 1.0 Conjurations
   Level 1.0 Summonings
   Level 0.8 Translocations


You had 9 spell levels left.
You knew the following spells:

 Your Spells              Type           Power        Failure   Level  Hunger
a - Magic Dart            Conj           #...         9%          1    None

Your spell library contained the following spells:

 Spells                   Type           Power        Failure   Level  Hunger
 Call Imp                 Summ           #.......     13%         2    ##.....
 Blink                    Tloc           N/A          14%         2    ##.....
 Slow                     Hex            #.......     21%         2    ##.....
 Conjure Flame            Conj/Fire      #.......     32%         3    ###....
 Mephitic Cloud           Conj/Pois/Air  #.......     34%         3    ###....


Dungeon Overview and Level Annotations

Branches:
Dungeon (4/15)
 Temple: D:4-7

Altars:
Gozag

Annotations:
D:1 exclusion: downstairs
D:2 Sigmund


Innate Abilities, Weirdness & Mutations

((You have a pair of small antennae on your head.))
((You are partially covered in large bone plates. (SH +4)))


Message History

As you read the scroll labeled ZETISYT JEUFI, it crumbles to dust.
It is a scroll of amnesia.
Okay, then.
As you read the scroll labeled FUCWIRROMIV, it crumbles to dust.
You cannot blink because you are held in place by your roots.
It was a scroll of blinking.
Okay, then.
None of your equipped items are cursed.
You aren't carrying any potions.
You eat one of the 3 rations.
That ration really hit the spot!
You eat one of the 2 rations.
That ration really hit the spot!
* * * LOW HITPOINT WARNING * * *
You feel sick.
You eat the ration.
That ration really hit the spot!
There is a lethal amount of poison in your body!
There is a lethal amount of poison in your body!
There is a lethal amount of poison in your body!
* * * LOW HITPOINT WARNING * * *
You feel sick.
You die...

####
#....#####
.........##
#.†♣..#
#####..#
#.# .#


There were no monsters in sight!

Vanquished Creatures
  A worker ant (D:4)
  Robin (D:3)
  6 adders
  2 oozes
  2 worms (D:3)
  A dart slug (D:2)
  A leopard gecko (D:1)
  9 orcs (D:3)
  4 bats
  3 giant cockroaches (D:3)
  11 goblins
  8 hobgoblins
  4 jackals (D:3)
  2 frilled lizards (D:1)
  5 kobolds
  5 rats
65 creatures vanquished.

Notes
Turn   | Place    | Note
-------+----------+-------------------------------------------
     0 | D:1      | Knicklaso the Demonspawn Wizard began the quest for the
                  | Orb.
     0 | D:1      | Reached XP level 1. HP: 13/13 MP: 4/4
    85 | D:1      | Reached skill level 1 in Fighting
   351 | D:1      | Gained mutation: You are partially covered in large bone
                  | plates. (SH +4) [demonic ancestry]
   351 | D:1      | Reached XP level 2. HP: 22/22 MP: 0/6
   694 | D:1      | Reached skill level 2 in Fighting
  1017 | D:2      | Reached XP level 3. HP: 28/28 MP: 0/7
  1659 | D:2      | Reached skill level 3 in Fighting
  1764 | D:2      | Noticed Sigmund
  2100 | D:2      | Found an opulent altar of Gozag.
  2541 | D:3      | Gained mutation: You have a pair of small antennae on your
                  | head. [demonic ancestry]
  2541 | D:3      | Reached XP level 4. HP: 33/37 MP: 1/8
  2750 | D:3      | Noticed Robin
  2776 | D:2      | Reached skill level 4 in Fighting
  2995 | D:3      | Killed Robin
  3604 | D:3      | Reached XP level 5. HP: 40/43 MP: 2/9
  4237 | D:4      | HP: 2/43 [worker ant (5)]
  4240 | D:4      | Reached skill level 5 in Fighting
  4242 | D:4      | HP: 1/66 [poisoned by a worker ant]
  4249 | D:4      | HP: 1/66 [poisoned by a worker ant]
  4257 | D:4      | Succumbed to a worker ant's poison

Skill      XL: |  1  2  3  4  5 |
---------------+----------------+-----
Fighting       | 1 2 3 4 5 |  5.1
Dodging        | |  1.7
Stealth        | |  1.7
Spellcasting   | |  3.0
Conjurations   | |  1.0
Summonings     | |  1.0
Translocations | |  0.8

Action                   |  1- 3 |  4- 6 || total
-------------------------+-------+-------++-------
Melee: Dagger            |    39 |    65 ||   104
 Fire: Blowgun           |     3 |    50 ||    53
 Cast: Magic Dart        |   115 |    83 ||   198
  Use: Potion            |     2 |     2 ||     4
       Scroll            |       |     4 ||     4
  Eat: Chunk             |     1 |     6 ||     7
       Ration            |     1 |     3 ||     4
Armor: Robe              |     7 |    13 ||    20
       Skin              |       |     1 ||     1
Dodge: Dodged            |    52 |    55 ||   107
Block: Other             |    17 |    18 ||    35
